 Dungeon Crawl Stone Soup version 0.30-a0-728-gc68057be0a (webtiles) character file.

Game seed: 11315607606417870962

29 jimonade the Sneak (level 3, -10/18 HPs)
             Began as a Vine Stalker Brigand on Jan 30, 2023.
             Mangled by Crazy Yiuf
             ... wielding a +2 quarterstaff of chaos
              (11 damage)
             ... on level 2 of the Dungeon.
             The game lasted 00:01:53 (1083 turns).

jimonade the Sneak (Vine Stalker Brigand)           Turns: 1083, Time: 00:01:54

Health: -10/18     AC:  3    Str: 13    XL:     3   Next: 16%
Magic:  0/4        EV: 11    Int: 11    God:
Gold:   102        SH:  0    Dex: 17    Spells: 2/2 levels left

rFire   . . .      SeeInvis .    a - +2 dagger
rCold   . . .      Faith    .    (no shield)
rNeg    . . .      Spirit   +    b - +0 robe
rPois   .          Reflect  .    (no helmet)
rElec   .          Harm     .    c - +0 cloak
rCorr   .          Rampage  .    (no gloves)
Will    .....                    (no boots)
Stlth   +++                      (no amulet)
HPRegen 0.23/turn                (no ring)
MPRegen 0.09/turn                (no ring)

@: no status effects
A: fangs 2, magic shield, antimagic bite, no potion heal 2
a: no special abilities


You were on level 2 of the Dungeon.
You visited 1 branch of the dungeon, and saw 2 of its levels.

You collected 102 gold pieces.

Inventory:

Hand Weapons
 a - a +2 dagger (weapon)
Missiles
 d - 9 poisoned darts (quivered)
 e - 3 curare-tipped darts
 m - 10 stones
Armour
 b - a +0 robe (worn)
 c - a +0 cloak (worn)
 h - a +0 leather armour
Scrolls
 f - a scroll of enchant weapon {unknown}
 g - a scroll of immolation {unknown}
 n - a scroll of fog {unknown}
 o - 3 scrolls of teleportation {unknown}
Potions
 i - 2 potions of haste {unknown}
 j - a potion of ambrosia {unknown}
 k - a potion of lignification {unknown}
 l - a potion of cancellation {unknown}


   Skills:
 + Level 1.8 Fighting
 * Level 2.4 Short Blades
 + Level 1.7 Throwing
 + Level 0.3 Armour
 + Level 0.8 Dodging
 + Level 5.5 Stealth


You had 2 spell levels left.
You didn't know any spells.
Your spell library was empty.

Dungeon Overview and Level Annotations

Branches:
Dungeon (2/15)

Altars:

Annotations:
D:2 Crazy Yiuf


Innate Abilities, Weirdness & Mutations

You have extremely sharp teeth.
When hurt, damage is shared between your health and your magic reserves.
Your bite disrupts and absorbs the magic of your enemies.
Potions cannot restore your health.


Message History

You kill the frilled lizard!
The ball python hisses angrily.
You hit the ball python.
You kill the ball python!
No target in view!
You now have 93 gold pieces (gained 7).
n - a scroll labelled DYZAPL TEUVVEK You now have 102 gold pieces (gained 9).
o - 3 scrolls labelled KUD DUEKOENY A frilled lizard comes into view.
The frilled lizard hisses angrily.
You hit the frilled lizard.
You kill the frilled lizard!
No target in view!
Found a hammer.
Found a runed translucent door.
A bat comes into view.
A bat is nearby!
You start removing your armour.
You continue taking off your +0 leather armour. x4
You finish taking off your +0 leather armour.
You start putting on your armour.
You continue putting on your +0 robe. x5
You finish putting on your +0 robe.
Crazy Yiuf shouts!
You open the door. You hit Crazy Yiuf.
Crazy Yiuf is lightly wounded.
Crazy Yiuf hits you with a +2 quarterstaff of chaos!
Ouch! That really hurt!
You hit Crazy Yiuf. You bite Crazy Yiuf. You drain his power.
You feel invigorated.
Crazy Yiuf is moderately wounded.
Crazy Yiuf hits you with a +2 quarterstaff of chaos!
* * * LOW HITPOINT WARNING * * *
Crazy Yiuf burns you.
* * * LOW HITPOINT WARNING * * *
You hit Crazy Yiuf. Your bite misses Crazy Yiuf.
Crazy Yiuf is heavily wounded.
Crazy Yiuf hits you with a +2 quarterstaff of chaos!
Ouch! That really hurt!
You die...

#....####...##....#
##..## ###.#...###
♣....♣ #.#.#.#
♣♣...♣ #.....###
♣♣.♣♣ #.......#
♣♣.♣ #.....#.. ♣.♣♣
##..##### ♣♣.♣ ##.#
♣@♣♣ #.# #g# #.#
... #.# #...# #.#
#)..# #..# #####
#..# ...# ....
#.....


You could see Crazy Yiuf.

Vanquished Creatures
  3 endoplasms (D:1)
  A giant cockroach (D:1)
  3 goblins (D:1)
  A hobgoblin (D:1)
  4 jackals (D:1)
  4 ball pythons
  3 frilled lizards
  3 kobolds (D:1)
  6 rats (D:1)
28 creatures vanquished.

Notes
Turn   | Place    | Note
-------+----------+-------------------------------------------
     0 | D:1      | jimonade the Vine Stalker Brigand began the quest for the
                  | Orb.
     0 | D:1      | Reached XP level 1. HP: 11/11 MP: 2/2
    80 | D:1      | Reached skill level 5 in Stealth
   112 | D:1      | Reached XP level 2. HP: 13/15 MP: 1/3
   422 | D:1      | Found a faded altar of an unknown god.
   691 | D:1      | Reached XP level 3. HP: 18/18 MP: 4/4
   999 | D:2      | Found a runed translucent door.
  1000 | D:2      | Noticed Crazy Yiuf
  1083 | D:2      | Mangled by Crazy Yiuf

Illustrated notes

Levels and vault maps discovered:
D:1:      nzn_arrival_settlement, layout_basic,
          hellmonk_ecumenical_altar_crossroads, serial_rivers,
          chequers_serial_rivers_micro_e, chequers_serial_rivers_room_a,
          chequers_serial_rivers_micro_c, chequers_serial_rivers_micro_e,
          chequers_serial_rivers_marsh, chequers_serial_rivers_marsh,
          minmay_crystal_room, minmay_distorted
D:2:      layout_rooms, grunt_ministairs_3, roderic_lattice_a,
          hangedman_decor_opposing, kennysheep_crisscross,
          chequers_serial_rivers_small_a, uniq_crazy_yiuf_cottage, uniq_jessica

Skill      XL: |  1 |
---------------+----+-----
Stealth        | 5 |  5.5
Short Blades   | 2 |  2.4
Fighting       | |  1.8
Throwing       | |  1.7
Armour         | |  0.3
Dodging        | |  0.8

Action                     || total
---------------------------++-------
  Melee: Dagger            ||    68
         Bite              ||     9
   Stab: Sleeping          ||     9
 Armour: Leather armour    ||    14
  Dodge: Dodged            ||    26

Table legend: (Time is in decaauts)
 A = Elapsed time spent in this place.
 B = Non-inter-level travel time spent in this place.
 C = Inter-level travel time spent in this place.
 D = Time resting spent in this place.
 E = Time spent auto-exploring this place.
 F = Levels seen in this place.
 G = Mean time per level.
                   A        B        C        D        E       F      G
               +--------+--------+--------+--------+--------+-----+--------+
         Total |   1088 |   1045 |     43 |      0 |    816 |   2 |  544.0 |
       Dungeon |   1088 |   1045 |     43 |      0 |    816 |   2 |  544.0 |
               +--------+--------+--------+--------+--------+-----+--------+

Top non-repeatable levels by time:
     D:1: 913 daAuts
     D:2: 175 daAuts
